 Dungeon Crawl Stone Soup version 0.18.0-2-g198d6d4 (webtiles) character file.

77 nikopol the Poker (level 4, -12/41 HPs)
             Began as a Minotaur Berserker on May 5, 2016.
             Was a Believer of Trog.
             Mangled by Yehuk's ghost (17 damage)
             ... on level 3 of the Dungeon.
             The game lasted 00:02:58 (1247 turns).

nikopol the Poker (Minotaur Berserker)              Turns: 1247, Time: 00:02:59

Health: -12/41     AC:  3    Str: 21    XL:     4   Next: 14%
Magic:  3/3        EV: 12    Int:  4    God:    Trog [**....]
Gold:   102        SH:  0    Dex: 11    Spells: 0 memorised, 3 levels left

rFire  . . .     SeeInvis .     j - +0 trident
rCold  . . .     Gourm    .     g - +0 leather armour
rNeg   . . .     Faith    .     (no shield)
rPois  .         Spirit   .     (helmet restricted)
rElec  .         Dismiss  .     (no cloak)
rCorr  .         Reflect  .     (no gloves)
SustAt .         Harm     .     (no boots)
MR     .....                    (no amulet)
Stlth  +.........               (no ring)
                                (no ring)

@: not resistant to hostile enchantments, very unstealthy
A: retaliatory headbutt, horns 2
a: Berserk, Trog's Hand, Burn Spellbooks, Renounce Religion


You were on level 3 of the Dungeon.
You worshipped Trog.
Trog was pleased with you.
You were very hungry.

You visited 1 branch of the dungeon, and saw 3 of its levels.

You collected 102 gold pieces.

Inventory:

Hand Weapons
 a - a +0 spear
 j - a +0 trident (weapon)
Armour
 b - a +0 animal skin
 g - a +0 leather armour (worn)
 i - a +0 ring mail
Scrolls
 d - 3 scrolls of identify {unknown}
 e - 2 scrolls of teleportation {unknown}
 k - a scroll of remove curse {unknown}
Potions
 h - a potion of agility {unknown}
 l - a potion of haste {unknown}
Comestibles
 c - a bread ration
 f - 2 beef jerkies


   Skills:
 + Level 4.4 Fighting
 + Level 4.4 Polearms
 + Level 3.2 Armour
 + Level 3.0 Dodging


You had 3 spell levels left.
You didn't know any spells.

Dungeon Overview and Level Annotations

Branches:
Dungeon (3/15)

Altars:

Annotations:
D:3 Yehuk's ghost, amateur FoFi


Innate Abilities, Weirdness & Mutations

You reflexively headbutt those who attack you in melee.
You have a pair of horns on your head.


Message History

You barely miss Yehuk's ghost. You headbutt Yehuk's ghost!
Yehuk's ghost is heavily damaged.
The goblin barely misses you.
Yehuk's ghost says, "I am invincible!"
Yehuk's ghost hits you.
* * * LOW HITPOINT WARNING * * *
You hit Yehuk's ghost. You headbutt Yehuk's ghost.
Yehuk's ghost is severely damaged.
The goblin misses you. Yehuk's ghost barely misses you.
An adder comes into view.
You hit Yehuk's ghost.
You headbutt Yehuk's ghost, but do no damage.
Yehuk's ghost is severely damaged.
Yehuk's ghost closely misses you. The goblin hits you with a club.
* * * LOW HITPOINT WARNING * * *
You hit Yehuk's ghost but do no damage.
Yehuk's ghost is severely damaged.
Yehuk's ghost grins evilly.
Yehuk's ghost hits you!
You die...

#. #####.#
....... .......
........
......?S##
.......gW#
..$....#@# ##
.......#.####...
.......#.......#
...........##...
................
................
..........####..
.......#..# # ..
.......#..###
#...


You could see Yehuk's ghost, an adder and a goblin.

Vanquished Creatures
  Jessica (D:2)
  2 oozes (D:1)
  2 dart slugs
  2 giant geckos (D:2)
  3 bats (D:2)
  6 goblins
  7 hobgoblins
  6 kobolds
  A quokka (D:2)
  A giant newt (D:1)
  2 rats
33 creatures vanquished.

Notes
Turn   | Place    | Note
--------------------------------------------------------------
     0 | D:1      | nikopol the Minotaur Berserker began the quest for the Orb.
     0 | D:1      | Reached XP level 1. HP: 19/19 MP: 0/0
    49 | D:1      | Reached XP level 2. HP: 25/27 MP: 1/1
   506 | D:1      | Reached XP level 3. HP: 33/33 MP: 2/2
   546 | D:2      | Noticed Jessica
   551 | D:2      | Killed Jessica
   770 | D:2      | Reached ** piety under Trog
   894 | D:2      | Reached XP level 4. HP: 34/40 MP: 3/3
  1237 | D:3      | Noticed Yehuk's ghost (amateur FoFi)
  1247 | D:3      | Mangled by Yehuk's ghost

Skill      XL: |  1  2  3  4 |
---------------+-------------+-----
Fighting       | 4 |  4.4
Polearms       | 4 |  4.4
Armour         | 3 |  3.2
Dodging        | 3 |  3.0

Action                   |  1- 3 |  4- 6 || total
-------------------------+-------+-------++-------
Melee: Spear             |    44 |       ||    44
       Headbutt          |    13 |     5 ||    18
       Trident           |    19 |    25 ||    44
 Stab: Sleeping          |     1 |       ||     1
Armor: Animal skin       |     2 |       ||     2
       Leather armour    |     4 |     1 ||     5
Dodge: Dodged            |    27 |    13 ||    40
